 Dungeon Crawl Stone Soup version 0.27.1-2-g3b301248ec (webtiles) character file.

Game seed: 4681514051528845121

8887 TheGamechu the Destroyer (level 11, -6/82 HPs)
             Began as a Black Draconian Conjurer on Sept 26, 2021.
             Was an Elder of Sif Muna.
             Mangled by a yak (13 damage)
             ... on level 9 of the Dungeon on Sept 27, 2021.
             The game lasted 00:54:15 (14146 turns).

TheGamechu the Destroyer (DrCj)                    Turns: 14146, Time: 00:54:15

Health: -6/82      AC: 12    Str:  9    XL:     11   Next: 15%
Magic:  21/21      EV: 18    Int: 21    God:    Sif Muna [****..]
Gold:   487        SH:  0    Dex: 11    Spells: 21/24 levels left

rFire    + . .     SeeInvis .   c - +4 quarterstaff (chaos)
rCold    + . .     Faith    .   (shield currently unavailable)
rNeg     . . .     Spirit   .   (armour unavailable)
rPois    +         Reflect  +   (helmet restricted)
rElec    +         Harm     .   d - +2 cloak {Stlth+}
rCorr    +         Rampage  .   (no gloves)
Will     +....                  h - +1 pair of boots
Stlth    ++........             w - amulet of reflection
HPRegen  0.23/turn              A - +4 ring of evasion
MPRegen  0.17/turn              B - ring of willpower

@: confused, resistant, ambrosia-drunk
A: breathe lightning, AC +7, unfitting armour, electricity resistance,
cold-blooded
a: Breathe Lightning, Renounce Religion, Channel Magic, Forget Spell, Divine
Exegesis


You were on level 9 of the Dungeon.
You worshipped Sif Muna.
Sif Muna was greatly pleased with you.
You visited 2 branches of the dungeon, and saw 10 of its levels.
You also visited: Ossuary and Bailey.

You collected 487 gold pieces.

Inventory:

Hand Weapons
 c - a +4 quarterstaff of chaos (weapon)
Missiles
 b - 2 javelins
 i - 62 poisoned darts
 j - 9 boomerangs
 m - 7 boomerangs of dispersal
 n - a throwing net
 q - 3 curare-tipped darts
Armour
 d - a +2 cloak of stealth (worn)
 h - a +1 pair of boots (worn)
Jewellery
 w - an amulet of reflection (around neck)
 A - a +4 ring of evasion (left hand)
 B - a ring of willpower (right hand)
Wands
 k - a wand of iceblast (10)
 l - a wand of mindburst (26)
 o - a wand of acid (9)
 r - a wand of digging (7)
Scrolls
 g - a scroll of amnesia
 v - a scroll of enchant armour
 x - 4 scrolls of immolation
 y - a scroll of identify
 D - 2 scrolls of fear
 E - a scroll of teleportation
Potions
 a - a potion of haste
 e - 4 potions of flight
 f - 3 potions of lignification
 t - a potion of brilliance
 u - a potion of mutation
 z - a potion of might {unknown}


   Skills:
 - Level 3.1 Fighting
 + Level 3.7 Staves
 + Level 7.3 Dodging
 - Level 1.7 Stealth
 - Level 7.0 Spellcasting
 + Level 10.9 Conjurations
 * Level 7.7 Invocations
 - Level 3.0 Evocations


You had 21 spell levels left.
You knew the following spells:

 Your Spells              Type           Power      Damage    Failure   Level
a - Magic Dart            Conj           100%       1d8       1%          1
b - Searing Ray           Conj           100%       3d7       1%          2

Your spell library contained the following spells:

 Spells                   Type           Power      Damage    Failure   Level
 Conjure Flame            Conj/Fire      30%        6-21      2%          3
 Dazzling Flash           Conj/Hex       60%        N/A       2%          3
 Stone Arrow              Conj/Erth      60%        3d10      2%          3
 Summon Small Mammal      Summ           28%        N/A       9%          1
 Fulminant Prism          Conj/Hex       15%        3d11      10%         4
 Hailstorm                Conj/Ice       30%        3d8       10%         4
 Iskenderun's Mystic Bla  Conj/Tloc      30%        2d8       10%         4
 Sticky Flame             Conj/Fire      30%        2d5       10%         4
 Call Canine Familiar     Summ           7%         N/A       26%         3
 Ignite Poison            Fire/Tmut/Pois 7%         N/A       26%         3
 Summon Guardian Golem    Hex/Summ       7%         N/A       26%         3
 Bolt of Magma            Conj/Fire/Erth 11%        4d7       50%         5
 Ice Form                 Ice/Tmut       7%         N/A       65%         4
 Olgreb's Toxic Radiance  Pois           7%         N/A       65%         4
 Starburst                Conj/Fire      15%        6d6       82%         6
 Simulacrum               Ice/Necr       3%         N/A       100%        6
 Ozocubu's Refrigeration  Ice            3%         4d5       100%        7
 Ignition                 Fire           3%         3d4       100%        8
 Shatter                  Erth           3%         3d7*      100%        9


Dungeon Overview and Level Annotations

Branches:
Dungeon (9/15)             Temple (1/1) D:5         Ossuary (visited)
 Bailey (visited)
   Lair: D:8-11         Orc: D:9-12

Altars:
Ashenzari
Cheibriados
Dithmenos
Elyvilon
Fedhas
Gozag
Hepliaklqana
Kikubaaqudgha
Makhleb
Nemelex Xobeh
Okawaru
Qazlal
Ru
Sif Muna
Trog
Uskayaw
Vehumet
Wu Jian
Xom
Yredelemnul
Zin
The Shining One


Innate Abilities, Weirdness & Mutations

You can breathe wild blasts of lightning.
Your glossy black scales are hard. (AC +7)
You cannot fit into any form of body armour.
You are resistant to electric shocks. (rElec)
You are cold-blooded and may be slowed by cold attacks.


Message History

Something gores you.
* * * LOW HITPOINT WARNING * * *
Okay, then.
Casting: Searing Ray (safe; 1% risk of failure)
Confirm with . or Enter, or press ? or * to list all spells.
Aiming: Searing Ray (safe; 1% risk of failure)
Press: ? - help, Shift-Dir - straight line, f/p - yak
Aim: a yak (severely wounded, 90% to hit)
Okay, then.
Unknown command.
You are too injured to fight recklessly!
Casting: Searing Ray (safe; 1% risk of failure)
Confirm with . or Enter, or press ? or * to list all spells.
Aiming: Searing Ray (safe; 1% risk of failure)
Press: ? - help, Shift-Dir - straight line, f/p - yak
Aim: a yak (severely wounded, 90% to hit)
The searing ray misses the yak. (Press . to maintain the ray.)
The yak completely misses you. Something gores you but does no damage.
The yak gores you.
* * * LOW HITPOINT WARNING * * *
You see here 10 arrows.
The yak gores you!
* * * LOW HITPOINT WARNING * * *
Things that are here:
+0 acid dragon scales; an acid dragon corpse
There is an open door here.
Casting: Searing Ray (safe; 1% risk of failure)
Confirm with . or Enter, or press ? or * to list all spells.
Aiming: Searing Ray (safe; 1% risk of failure)
Press: ? - help, Shift-Dir - straight line, p - yak The searing ray hits the yak!
The yak is almost dead. (Press . to maintain the ray.)
You are confused.
You feel invigorated. The yak barely misses you. Something gores you.
* * * LOW HITPOINT WARNING * * *
You feel protected. The yak barely misses you. Something gores you!
You die...

..≈≈≈≈≈≈≈.....#.............#
..#######.....#....(........#
#.#.....#.....#...[#####'####
..###.# #.....#....###...#
....#.#.......#..........#
....#.#.......+..........#
..............####'####..# ...
....#'#####+###..{....#..# ....
....+.........#.@Y....#..#.....
....#..^......+.......#..#.....
....##..(######.......##+#.....
.....#...#.......#####......#
.....#...#.......# #.)....#
.....'...#.......# #......#
.....#...#.......# #......#
.....#...'.......# #......#
.....#####.......# #......#


You could see a yak.

Vanquished Creatures
  Harold (D:7)
  A two-headed ogre (D:8)
  An orc knight (D:7)
  Pikel (D:7)
  An ugly thing (D:7)
  A slime creature (D:6)
  6 yaks (D:9)
  2 wraiths (D:9)
  A wyvern (D:8)
  A steam dragon (D:8)
  An acid dragon (D:9)
  A water moccasin (D:8)
  2 black bears
  2 orc warriors
  2 ice beasts (D:5)
  2 necrophages
  An ogre (D:4)
  4 centaurs
  A phantom (D:6)
  3 lemures
  4 kobold brigands
  3 bullfrogs
  A gnoll sergeant (D:6)
  13 scorpions
  A water moccasin zombie (D:7)
  5 wights (D:9)
  5 killer bees
  An electric eel (Bailey)
  3 howler monkeys
  3 jellies
  A bullfrog zombie (D:4)
  5 centaur zombies
  3 human zombies (Ossuary)
  A gnoll shaman (D:5)
  Crazy Yiuf (D:7)
  4 orc priests
  A bullfrog skeleton (D:5)
  6 orc wizards
  Natasha (thrice) (D:2)
  Ijyb (D:4)
  3 scorpion zombies
  3 mummies (Ossuary)
  2 howler monkey zombies
  8 gnolls
  7 adders
  A white imp (D:6)
  2 ufetubi (D:6)
  A worm (D:4)
  2 dart slugs
  22 orcs
  3 ball pythons
  7 endoplasms
  2 giant cockroaches
  9 hobgoblins
  10 jackals
  A quokka (D:3)
  5 bats
  4 frilled lizards
  3 gnoll zombies (Ossuary)
  6 goblins
  4 goblin zombies (Ossuary)
  A hobgoblin zombie (Ossuary)
  27 kobolds
  3 kobold zombies (Ossuary)
  2 orc zombies (Ossuary)
  7 rats
245 creatures vanquished.

Vanquished Creatures (others)
  2 kobold brigands (D:6)
  A howler monkey (D:8)
  14 fungi (D:6)
  2 toadstools (D:6)
19 creatures vanquished.

Grand Total: 264 creatures vanquished

Notes
Turn   | Place    | Note
-------+----------+-------------------------------------------
     0 | D:1      | TheGamechu the Draconian Conjurer began the quest for the
                  | Orb.
     0 | D:1      | Reached XP level 1. HP: 14/14 MP: 3/3
    16 | D:1      | Found a faded altar of an unknown god.
   385 | D:1      | Reached XP level 2. HP: 22/22 MP: 0/5
   901 | D:1      | Reached skill level 1 in Fighting
   908 | D:1      | Learned a level 2 spell: Searing Ray
  1137 | D:1      | Reached XP level 3. HP: 28/28 MP: 4/6
  1475 | D:2      | Found a snail-covered altar of Cheibriados.
  1927 | D:2      | Noticed Natasha
  1930 | D:2      | Killed Natasha
  1931 | D:2      | Reached XP level 4. HP: 35/35 MP: 2/7
  2058 | D:2      | Noticed Natasha
  2062 | D:2      | Killed Natasha
  2226 | D:2      | Reached skill level 5 in Conjurations
  2377 | D:2      | Noticed Natasha
  2379 | D:2      | Killed Natasha
  2380 | D:2      | Reached XP level 5. HP: 41/41 MP: 5/9
  3620 | D:4      | Noticed a necrophage
  3629 | D:4      | Killed a necrophage
  3630 | D:4      | Reached XP level 6. HP: 50/50 MP: 1/10
  3780 | D:4      | Noticed Ijyb
  3805 | D:4      | Reached skill level 6 in Conjurations
  3838 | D:4      | Killed Ijyb
  4175 | D:4      | Found a basalt altar of Yredelemnul.
  4402 | D:4      | Found a sparkling altar of Nemelex Xobeh.
  4418 | D:4      | Your scales start taking on a glossy black colour.
  4418 | D:4      | Reached XP level 7. HP: 57/57 MP: 8/12
  4418 | D:4      | Gained mutation: You are resistant to electric shocks.
                  | (rElec) [Black Draconian growth]
  4653 | D:5      | Entered Level 5 of the Dungeon
  4682 | D:5      | Found an ancient bone altar of Kikubaaqudgha.
  4690 | D:5      | Found a broken altar of Ashenzari.
  4723 | D:5      | Reached skill level 1 in Evocations
  4780 | D:5      | Found a staircase to the Ecumenical Temple.
  4788 | Temple   | Entered the Ecumenical Temple
  4966 | Temple   | Became a worshipper of Sif Muna the Loreminder
  4999 | D:5      | Found a sand-covered staircase.
  5009 | Ossuary  | Entered an ossuary
  5317 | Ossuary  | Reached skill level 7 in Conjurations
  5382 | Ossuary  | Reached XP level 8. HP: 63/63 MP: 8/14
  5525 | Ossuary  | Reached * piety under Sif Muna
  5774 | Ossuary  | Reached skill level 8 in Conjurations
  6410 | D:5      | Reached skill level 1 in Invocations
  6489 | D:5      | Reached skill level 5 in Spellcasting
  6615 | D:5      | Found a hazy altar of Hepliaklqana.
  6641 | D:5      | Reached skill level 5 in Dodging
  7204 | D:6      | Reached XP level 9. HP: 68/69 MP: 12/16
  7425 | D:6      | Reached ** piety under Sif Muna
  7728 | D:6      | Reached skill level 9 in Conjurations
  9023 | D:7      | Noticed Harold
  9113 | D:7      | HP: 3/69 [poisoned by a killer bee]
  9566 | D:7      | Found a flagged portal.
  9651 | D:7      | Noticed Pikel
  9658 | D:7      | Killed Pikel
  9659 | D:7      | Reached skill level 10 in Conjurations
  9669 | Bailey   | Entered a bailey
  9829 | Bailey   | Reached *** piety under Sif Muna
  9840 | Bailey   | Noticed an orc knight
  9844 | Bailey   | Reached XP level 10. HP: 61/77 MP: 16/19
  9868 | D:7      | HP: 2/115 [orc knight (14)]
  9872 | D:7      | Killed an orc knight
 10454 | D:7      | Found a runed translucent door.
 10455 | D:7      | Noticed Crazy Yiuf
 10493 | D:7      | Killed Crazy Yiuf
 11056 | D:7      | Killed Harold
 11057 | D:7      | Reached skill level 1 in Staves
 11057 | D:7      | Reached skill level 5 in Invocations
 11263 | D:7      | Noticed a purple ugly thing
 11272 | D:7      | Killed a purple ugly thing
 11654 | D:8      | Noticed a two-headed ogre
 11923 | D:8      | Killed a two-headed ogre
 12862 | D:8      | Found a white marble altar of Elyvilon.
 12862 | D:8      | Found a shadowy altar of Dithmenos.
 12870 | D:8      | Found an iron altar of Okawaru.
 12872 | D:8      | Found a shimmering altar of Xom.
 12874 | D:8      | Found a glowing golden altar of the Shining One.
 13401 | D:9      | Reached XP level 11. HP: 79/82 MP: 15/21
 13674 | D:9      | Reached **** piety under Sif Muna
 14129 | D:9      | HP: 4/82 [something (13)]
 14137 | D:9      | HP: 3/82 [yak (7)]
 14145 | D:9      | HP: 3/82 [something (5)]
 14146 | D:9      | Mangled by a yak

Illustrated notes

Levels and vault maps discovered:
D:1:      scummos_arrival_simple_crosswalls, layout_basic,
          hellmonk_ecumenical_altar_dog_temple
D:2:      layout_basic, basic_altar, hangedman_abyss_or_decor_stabs,
          uniq_natasha
D:3:      layout_basic, serial_park_tiny_pond, minmay_misc_feat_x
D:4:      layout_basic, mainiacjoe_overflow_chevrons,
          mainiacjoe_overflow_six_doors_small, uniq_ijyb
D:5:      layout_loops_corners, mainiacjoe_overflow_24_doors,
          mainiacjoe_overflow_catwalk_spiral, minmay_temple_entry_mini_moons,
          nicolae_ossuary_entry_ruins, abandoned_shop
D:6:      cheibrodos_fertilizer, layout_basic
D:7:      layout_loops_corners, enter_bailey_8, uniq_pikel,
          uniq_crazy_yiuf_cottage, uniq_harold
D:8:      layout_basic, chequers_temple_overflow_minitemple, serial_aquarium,
          aquarium_bridge_square [aquarium_subvault_bridge,
          aquarium_subvault_window, aquarium_subvault_window,
          aquarium_subvault_window], aquarium_bridge_island_small
          [aquarium_subvault_small_open, aquarium_subvault_bridge,
          aquarium_subvault_window, aquarium_subvault_wall,
          aquarium_subvault_window], aquarium_window_fake, aquarium_window_fake,
          aquarium_view_2e, grunt_ministairs_15, grunt_decor_fettered
D:9:      layout_gridville, grunt_decor_cap
Temple:   minmay_temple_bridge_abc

Skill      XL: |  1  2  3  4  5  6  7  8  9 10 |
---------------+-------------------------------+-----
Dodging        | 2 3 4 5 6 7 |  7.3
Fighting       | 1 2 3 |  3.1
Conjurations   | 5 6 7 8 10 | 10.9
Spellcasting   | 3 4 5 6 7 |  7.0
Evocations     | 2 3 |  3.0
Invocations    | 2 4 7 |  7.7
Staves         | 3 |  3.7
Stealth        | |  1.7

Action                   |  1- 3 |  4- 6 |  7- 9 | 10-12 || total
-------------------------+-------+-------+-------+-------++-------
Melee: Unarmed           |    36 |       |       |       ||    36
       Tailslap          |     5 |     2 |    13 |     9 ||    29
       Dagger            |    19 |       |       |       ||    19
       Whip              |       |    37 |   194 |       ||   231
       Quarterstaff      |       |       |       |    47 ||    47
Throw: Throwing net      |       |       |       |     1 ||     1
 Cast: Magic Dart        |    76 |    45 |    16 |    21 ||   158
       Searing Ray       |     4 |    15 |    53 |    47 ||   119
 Abil: Breathe Lightning |       |       |    31 |    27 ||    58
Evoke: Wand              |       |       |     1 |     2 ||     3
  Use: Scroll            |     4 |     3 |    14 |     2 ||    23
       Potion            |       |       |     8 |     6 ||    14
 Stab: Sleeping          |       |     1 |       |       ||     1
       Held in net/web   |       |       |       |     1 ||     1
       Paralysed         |       |       |       |     1 ||     1
Armor: Skin              |    24 |    16 |    94 |    35 ||   169
Dodge: Dodged            |    56 |    20 |   196 |    76 ||   348
Block: Other             |       |       |    57 |    23 ||    80
       Reflection        |       |       |     3 |     7 ||    10
